 Dungeon Crawl Stone Soup version 0.27-a0-1217-g8a41f320e8 (webtiles) character file.

Game seed: 7289046506788701697

23 polve the Skirmisher (level 2, -2/24 HPs)
             Began as a Demonspawn Abyssal Knight on June 5, 2021.
             Was a Follower of Lugonu.
             Succumbed to a kobold's poison
             ... on level 1 of the Dungeon.
             The game lasted 00:01:00 (994 turns).

polve the Skirmisher (Demonspawn Abyssal Knight)     Turns: 994, Time: 00:01:00

Health: -2/24      AC:  8    Str: 12    XL:     2   Next: 72%
Magic:  3/3        EV:  5    Int: 13    God:    Lugonu [*.....]
Gold:   32         SH:  0    Dex: 12    Spells: 1/1 levels left

rFire    . . .     SeeInvis .   a - +1 short sword
rCold    . . .     Faith    +   (no shield)
rNeg     . . .     Spirit   .   e - +0 chain mail
rPois    .         Reflect  .   (no helmet)
rElec    .         Harm     .   (no cloak)
rCorr    .         Rampage  .   (no gloves)
Will     .....                  (no boots)
Stlth    ..........             f - amulet of faith
HPRegen  0.08/turn              (no ring)
MPRegen  0.08/turn              (no ring)

@: lethally poisoned (-2 -> -24)
A: demonic magic 1
a: Renounce Religion, Depart the Abyss


You were on level 1 of the Dungeon.
You worshipped Lugonu.
Lugonu was aware of your devotion.
You visited 1 branch of the dungeon, and saw 1 of its levels.
You visited the Abyss 1 time.

You collected 32 gold pieces.

Inventory:

Hand Weapons
 a - a +1 short sword (weapon)
Armour
 e - a +0 chain mail (worn)
Jewellery
 b - a ring of flight
 f - an amulet of faith (around neck)
Scrolls
 d - a scroll of noise {unknown}
 g - a scroll of vulnerability {unknown}
 j - a scroll of enchant weapon {unknown}
 k - a scroll of identify {unknown}
Potions
 c - a potion of degeneration {unknown}
 h - a potion of flight {unknown}
 i - a potion of magic {unknown}


   Skills:
 - Level 3.0 Fighting
 + Level 3.0 Short Blades
 - Level 1.7 Armour
 - Level 0.8 Dodging
 - Level 2.4 Invocations


You had one spell level left.
You didn't know any spells.
Your spell library was empty.

Dungeon Overview and Level Annotations

Branches:
Dungeon (1/15)

Altars:


Innate Abilities, Weirdness & Mutations

Spells you cast may paralyse adjacent enemies.


Message History

No target in view!
No target in view!
A kobold comes into view.
It is wielding a +0 short sword of venom.
The kobold shouts!
A kobold is nearby!
The kobold hits you with a +0 short sword of venom.
You are poisoned.
You hit the kobold but do no damage.
You feel very sick. The kobold hits you but does no damage.
You are lethally poisoned!
You are too injured to fight recklessly!
You are too injured to fight recklessly!
You are too injured to fight recklessly!
You are too injured to fight recklessly!
You are too injured to fight recklessly!
You are too injured to fight recklessly!
You are too injured to fight recklessly!
You are too injured to fight recklessly!
You are too injured to fight recklessly!
You are too injured to fight recklessly!
You hit the kobold but do no damage.
You feel very sick. The kobold barely misses you.
You closely miss the kobold.
You feel very sick. The kobold hits you but does no damage.
You are more poisoned.
You hit the kobold.
The kobold is moderately wounded.
You feel very sick. The kobold hits you but does no damage.
You are more poisoned.
You closely miss the kobold.
The kobold is moderately wounded.
* * * LOW HITPOINT WARNING * * *
You feel very sick. The kobold hits you but does no damage.
Okay, then.
You die...

##### ....# ####
....# ..# ....# #K#
....#############.#
.##.............@.#
+##.###############
..#.# ..#.# ..'.#
..### ..# ..# ..#


You could see a kobold.

Vanquished Creatures
  3 ball pythons (D:1)
  2 bats (D:1)
  An endoplasm (D:1)
  A hobgoblin (D:1)
  3 jackals (D:1)
  5 kobolds (D:1)
  2 frilled lizards (D:1)
  3 rats (D:1)
20 creatures vanquished.

Vanquished Creatures (others)
  6 plants (D:1)
6 creatures vanquished.

Grand Total: 26 creatures vanquished

Notes
Turn   | Place    | Note
-------+----------+-------------------------------------------
     0 | Abyss:1  | polve the Demonspawn Abyssal Knight began the quest for the
                  | Orb.
     0 | Abyss:1  | Reached XP level 1. HP: 18/18 MP: 2/2
     9 | Abyss:1  | Noticed a smoke demon
     9 | Abyss:1  | Noticed a neqoxec
     9 | Abyss:1  | Noticed a large abomination
     9 | Abyss:1  | Noticed a ynoxinul
    57 | Abyss:2  | Found a corrupted altar of Lugonu.
   131 | Abyss:2  | Noticed a hellwing
   131 | Abyss:2  | Noticed a hellwing
   133 | D:1      | Escaped the Abyss
   357 | D:1      | Reached * piety under Lugonu
   358 | D:1      | Gained mutation: Spells you cast may paralyse adjacent
                  | enemies. [demonic ancestry]
   358 | D:1      | Reached XP level 2. HP: 16/24 MP: 3/3
   994 | D:1      | Succumbed to a kobold's poison

Illustrated notes

Levels and vault maps discovered:
D:1:      dpeg_arrival_pits, layout_basic, lexackson_kobold_supper

Skill      XL: |  1  2 |
---------------+-------+-----
Short Blades   | 2 3 |  3.0
Fighting       | |  3.0
Armour         | |  1.7
Dodging        | |  0.8
Invocations    | |  2.4

Action                   || total
-------------------------++-------
Melee: Short sword       ||    67
Invok: Depart the Abyss  ||     1
Armor: Chain mail        ||    53
Dodge: Dodged            ||    12

Table legend: (Time is in decaauts)
 A = Elapsed time spent in this place.
 B = Non-inter-level travel time spent in this place.
 C = Inter-level travel time spent in this place.
 D = Time resting spent in this place.
 E = Time spent auto-exploring this place.
 F = Levels seen in this place.
 G = Mean time per level.
                   A        B        C        D        E       F      G
               +--------+--------+--------+--------+--------+-----+--------+
         Total |    990 |    990 |      0 |      0 |    770 |   3 |  330.0 |
       Dungeon |    858 |    858 |      0 |      0 |    691 |   1 |  858.0 |
         Abyss |    132 |    132 |      0 |      0 |     79 |   2 |   66.0 |
               +--------+--------+--------+--------+--------+-----+--------+

Top non-repeatable levels by time:
     D:1: 858 daAuts
 Abyss:2: 81 daAuts
 Abyss:1: 51 daAuts
